Workbook

Sheet EarlyLifeInvestments
E2: EARLY LIFE INVESTMENTS, LLC
E4: A Family Financial Head Start
E6: Preparing for Your Financial Future, Today
E8: Early Life Investments Homepage | I8: Newsletter: The Early Life Investor
B12: OUR MISSION
B13: Helping families build multi-generational financial security through education, practical tools, and honest writing. Practical, no-jargon guidance for parents, teens, and young adults — written by one parent for the rest of us — so the next generation starts ahead.
B17: CONNECT WITH US
B18: X / Twitter: @EarlyLifeInvest Instagram: @earlylifeinvestments
B19: Facebook: facebook.com/EarlyLifeInvestments Web: EarlyLifeInvestments.com
B21: HASHTAGS FOR PUBLISHING
B22: #EarlyLifeInvestments #FamilyFinance #FinancialHeadStart #MoneyHabits #InvestEarly #FinancialLiteracy #GenerationalWealth #RothIRA #529Plan #PersonalFinance #BudgetingTips #TeachKidsMoney #CompoundInterest #DebtFreeJourney #FinancialFreedom #SmartMoney #SaveEarly
B26: © 2022–2026 Early Life Investments, LLC — Est. 2026 · Providing your family with a financial head start.
B28: DISCLAIMER
B29: This Trip Cost Tracker is provided by Early Life Investments for general educational and planning purposes only. It is not intended to provide personalized financial, legal, tax, credit, insurance, medical-billing, or investment advice.
B31: The calculations in this workbook are estimates based on the information entered by the user. This records what you spent. It makes no attempt to value points, miles or credit-card rewards used to pay for any part of a trip.
B33: Before making decisions based on this workbook, verify all figures directly with your lender, servicer, insurer, plan administrator, employer, taxing authority, or a qualified professional.
... B37: Use this workbook as an educational planning tool, not as a substitute for professional advice. The user is responsible for ensuring all values, both input and calculated, are correct.

Sheet Trips
B1: Trips
B3: Trip | C3: Start | D3: End | E3: Travellers | F3: Budget | G3: Days | H3: Actual total | I3: Variance | J3: Per person | K3: Per person per day | L3: Notes | N3: Spending by category | O3: Total
B4: Spring break — coast | C4: 46109 | D4: 46116 | E4: 4 | F4: 3200 | G4: =IF(C4="","",D4-C4+1) -> 8 | H4: =IF(B4="","",SUMIF('Expense Log'!$C$4:$C$203,B4,'Expense Log'!$G$4:$G$203)) -> 4182.19 | I4: =IF(B4="","",H4-F4) -> 982.19 | J4: =IFERROR(IF(B4="","",H4/E4),"") -> 1045.5475 | K4: =IFERROR(IF(B4="","",J4/G4),"") -> 130.69344 | N4: Transport — air | O4: =SUMIF('Expense Log'!$D$4:$D$203,N4,'Expense Log'!$G$4:$G$203) -> 3130
B5: Grandparents visit | C5: 46164 | D5: 46168 | E5: 4 | F5: 900 | G5: =IF(C5="","",D5-C5+1) -> 5 | H5: =IF(B5="","",SUMIF('Expense Log'!$C$4:$C$203,B5,'Expense Log'!$G$4:$G$203)) -> 465.9 | I5: =IF(B5="","",H5-F5) -> -434.1 | J5: =IFERROR(IF(B5="","",H5/E5),"") -> 116.475 | K5: =IFERROR(IF(B5="","",J5/G5),"") -> 23.295 | L5: Drove. | N5: Transport — ground | O5: =SUMIF('Expense Log'!$D$4:$D$203,N5,'Expense Log'!$G$4:$G$203) -> 527
B6: Summer week away | C6: 46214 | D6: 46222 | E6: 4 | F6: 4800 | G6: =IF(C6="","",D6-C6+1) -> 9 | H6: =IF(B6="","",SUMIF('Expense Log'!$C$4:$C$203,B6,'Expense Log'!$G$4:$G$203)) -> 5864.35 | I6: =IF(B6="","",H6-F6) -> 1064.35 | J6: =IFERROR(IF(B6="","",H6/E6),"") -> 1466.0875 | K6: =IFERROR(IF(B6="","",J6/G6),"") -> 162.89861 | N6: Lodging | O6: =SUMIF('Expense Log'!$D$4:$D$203,N6,'Expense Log'!$G$4:$G$203) -> 4572
B7: Autumn long weekend | C7: 46304 | D7: 46307 | E7: 2 | F7: 1100 | G7: =IF(C7="","",D7-C7+1) -> 4 | H7: =IF(B7="","",SUMIF('Expense Log'!$C$4:$C$203,B7,'Expense Log'!$G$4:$G$203)) -> 1123 | I7: =IF(B7="","",H7-F7) -> 23 | J7: =IFERROR(IF(B7="","",H7/E7),"") -> 561.5 | K7: =IFERROR(IF(B7="","",J7/G7),"") -> 140.375 | L7: Just the two of us. | N7: Food and drink | O7: =SUMIF('Expense Log'!$D$4:$D$203,N7,'Expense Log'!$G$4:$G$203) -> 2085.44
G8: =IF(C8="","",D8-C8+1) | H8: =IF(B8="","",SUMIF('Expense Log'!$C$4:$C$203,B8,'Expense Log'!$G$4:$G$203)) | I8: =IF(B8="","",H8-F8) | J8: =IFERROR(IF(B8="","",H8/E8),"") | K8: =IFERROR(IF(B8="","",J8/G8),"") | N8: Activities | O8: =SUMIF('Expense Log'!$D$4:$D$203,N8,'Expense Log'!$G$4:$G$203) -> 928
G9: =IF(C9="","",D9-C9+1) | H9: =IF(B9="","",SUMIF('Expense Log'!$C$4:$C$203,B9,'Expense Log'!$G$4:$G$203)) | I9: =IF(B9="","",H9-F9) | J9: =IFERROR(IF(B9="","",H9/E9),"") | K9: =IFERROR(IF(B9="","",J9/G9),"") | N9: Shopping | O9: =SUMIF('Expense Log'!$D$4:$D$203,N9,'Expense Log'!$G$4:$G$203) -> 205
G10: =IF(C10="","",D10-C10+1) | H10: =IF(B10="","",SUMIF('Expense Log'!$C$4:$C$203,B10,'Expense Log'!$G$4:$G$203)) | I10: =IF(B10="","",H10-F10) | J10: =IFERROR(IF(B10="","",H10/E10),"") | K10: =IFERROR(IF(B10="","",J10/G10),"") | N10: Fees and insurance | O10: =SUMIF('Expense Log'!$D$4:$D$203,N10,'Expense Log'!$G$4:$G$203) -> 188
G11: =IF(C11="","",D11-C11+1) | H11: =IF(B11="","",SUMIF('Expense Log'!$C$4:$C$203,B11,'Expense Log'!$G$4:$G$203)) | I11: =IF(B11="","",H11-F11) | J11: =IFERROR(IF(B11="","",H11/E11),"") | K11: =IFERROR(IF(B11="","",J11/G11),"") | N11: Other | O11: =SUMIF('Expense Log'!$D$4:$D$203,N11,'Expense Log'!$G$4:$G$203) -> 0
G12: =IF(C12="","",D12-C12+1) | H12: =IF(B12="","",SUMIF('Expense Log'!$C$4:$C$203,B12,'Expense Log'!$G$4:$G$203)) | I12: =IF(B12="","",H12-F12) | J12: =IFERROR(IF(B12="","",H12/E12),"") | K12: =IFERROR(IF(B12="","",J12/G12),"") | N12: All categories | O12: =SUM(O4:O11) -> 11635.44
G13: =IF(C13="","",D13-C13+1) | H13: =IF(B13="","",SUMIF('Expense Log'!$C$4:$C$203,B13,'Expense Log'!$G$4:$G$203)) | I13: =IF(B13="","",H13-F13) | J13: =IFERROR(IF(B13="","",H13/E13),"") | K13: =IFERROR(IF(B13="","",J13/G13),"")
G14: =IF(C14="","",D14-C14+1) | H14: =IF(B14="","",SUMIF('Expense Log'!$C$4:$C$203,B14,'Expense Log'!$G$4:$G$203)) | I14: =IF(B14="","",H14-F14) | J14: =IFERROR(IF(B14="","",H14/E14),"") | K14: =IFERROR(IF(B14="","",J14/G14),"")
G15: =IF(C15="","",D15-C15+1) | H15: =IF(B15="","",SUMIF('Expense Log'!$C$4:$C$203,B15,'Expense Log'!$G$4:$G$203)) | I15: =IF(B15="","",H15-F15) | J15: =IFERROR(IF(B15="","",H15/E15),"") | K15: =IFERROR(IF(B15="","",J15/G15),"")
G16: =IF(C16="","",D16-C16+1) | H16: =IF(B16="","",SUMIF('Expense Log'!$C$4:$C$203,B16,'Expense Log'!$G$4:$G$203)) | I16: =IF(B16="","",H16-F16) | J16: =IFERROR(IF(B16="","",H16/E16),"") | K16: =IFERROR(IF(B16="","",J16/G16),"")
G17: =IF(C17="","",D17-C17+1) | H17: =IF(B17="","",SUMIF('Expense Log'!$C$4:$C$203,B17,'Expense Log'!$G$4:$G$203)) | I17: =IF(B17="","",H17-F17) | J17: =IFERROR(IF(B17="","",H17/E17),"") | K17: =IFERROR(IF(B17="","",J17/G17),"")
B19: TOTALS | F19: =SUM(F4:F17) -> 10000 | G19: =SUM(G4:G17) -> 26 | H19: =SUM(H4:H17) -> 11635.44 | I19: =SUM(I4:I17) -> 1635.44
B21: You enter these values
B22: Calculated for you

Sheet Expense Log
B1: Expense log — one row per transaction
B3: Date | C3: Trip | D3: Category | E3: Merchant or description | F3: Paid with | G3: Amount | H3: Notes
B4: 46040 | C4: Spring break — coast | D4: Transport — air | E4: Airline tickets x4 | F4: Credit card | G4: 1284 | H4: Booked early.
B5: 46109 | C5: Spring break — coast | D5: Transport — ground | E5: Airport parking | F5: Credit card | G5: 72
B6: 46109 | C6: Spring break — coast | D6: Lodging | E6: Rental, seven nights | F6: Credit card | G6: 1610
B7: 46110 | C7: Spring break — coast | D7: Food and drink | E7: Groceries for the week | F7: Debit card | G7: 218.44
B8: 46111 | C8: Spring break — coast | D8: Food and drink | E8: Restaurants | F8: Credit card | G8: 392.1
B9: 46112 | C9: Spring break — coast | D9: Activities | E9: Aquarium and boat trip | F9: Credit card | G9: 246
B10: 46114 | C10: Spring break — coast | D10: Shopping | E10: Souvenirs | F10: Cash | G10: 85
B11: 46115 | C11: Spring break — coast | D11: Food and drink | E11: Restaurants | F11: Credit card | G11: 274.65
B12: 46164 | C12: Grandparents visit | D12: Transport — ground | E12: Fuel | F12: Credit card | G12: 96.2
B13: 46165 | C13: Grandparents visit | D13: Food and drink | E13: Groceries and meals out | F13: Credit card | G13: 214.3
B14: 46166 | C14: Grandparents visit | D14: Activities | E14: Museum tickets | F14: Credit card | G14: 64
B15: 46168 | C15: Grandparents visit | D15: Transport — ground | E15: Fuel | F15: Credit card | G15: 91.4
B16: 46175 | C16: Summer week away | D16: Lodging | E16: Hotel deposit | F16: Credit card | G16: 900
... B27: 46304 | C27: Autumn long weekend | D27: Transport — ground | E27: Fuel and tolls | F27: Credit card | G27: 104.6
B204: TOTAL | G204: =SUM(G4:G203) -> 11635.44

Sheet Workbook Guide
A1: Trip Cost Tracker — How to Use This Workbook
A3: Purpose | B3: Find out what a trip really cost, per person and per day, and compare it against the budget you set before you left.
A4: Best use | B4: Any trip with a budget, and any family trying to work out what kind of holiday they can actually afford next year.
A5: Important limitation | B5: Only money that moved is recorded. Points, miles and rewards used to pay for flights or hotels are not valued, so a heavily points-funded trip will look much cheaper than an equivalent one paid in cash.
A7: Step 1 | B7: Set up each trip on the Trips tab first, with the dates, the number of travellers and a budget. Days are calculated from the dates.
A8: Step 2 | B8: Log every transaction on the Expense Log tab. Type the trip name exactly as it appears on the Trips tab — that is what links the two.
A9: Step 3 | B9: Pick a category from the dropdown. The category rollup on the Trips tab depends on it.
A10: Step 4 | B10: Enter pre-trip spending — flights booked in January, a deposit paid in June — under the trip it belongs to, dated when you paid it. That is where trip budgets usually break.
A11: Step 5 | B11: Read Per person per day. It is the only figure that lets you compare a long cheap trip with a short expensive one.
A12: Step 6 | B12: Keep the file year to year. Two or three trips in and the budget column starts being accurate.
A14: Notes on the math | B14: The Actual total column sums the expense log by trip name, so the spelling has to match exactly. Per person per day divides the total by travellers and then by days counted inclusively, so a Saturday-to-Saturday trip counts as eight days rather than seven — the same basis as the nights-plus-one most people use when they talk about a trip.
